 Dungeon Crawl Stone Soup version 0.28-a0-312-gbced6e68ee (webtiles) character file.

Game seed: 15725749305563378484

898 theanonym the Cleaver (level 7, -2/67 HPs)
             Began as a Deep Dwarf Cinder Acolyte on Aug 30, 2021.
             Was a High Priest of Ignis.
             Slain by a gnoll (6 damage)
             ... on level 5 of the Dungeon.
             The game lasted 00:05:34 (3775 turns).

theanonym the Cleaver (Deep Dwarf Cinder Acolyte)   Turns: 3775, Time: 00:05:35

Health: -2/67      AC:  9    Str: 21    XL:     7   Next: 79%
Magic:  6/6        EV:  7    Int: 13    God:    Ignis [*****.]
Gold:   210        SH:  0    Dex:  8    Spells: 7/8 levels left

rFire   + . .      SeeInvis .   p - +0 war axe
rCold   . . .      Faith    .   (no shield)
rNeg    . . .      Spirit   .   f - +0 chain mail
rPois   .          Reflect  .   (no helmet)
rElec   .          Harm     .   (no cloak)
rCorr   .          Rampage  .   e - +0 pair of gloves
Will    +....                   (no boots)
Stlth   ..........              c - amulet of the acrobat
HPRegen 0.00/turn               l - ring of flight
MPRegen 0.10/turn               (no ring)

@: flying, hasted, very quick
A: damage resistance, heal wounds, sense surroundings 1, no regeneration
a: Heal Wounds, Renounce Religion, Sea of Fire, Foxfire Swarm, Rising Flame


Innate Abilities, Weirdness & Mutations

You are resistant to damage.
You can heal yourself by infusing magical energy.
You passively map a small area around you.
You do not regenerate.


   Skills:
 + Level 5.3 Fighting
 * Level 8.7 Axes
 - Level 1.0 Spellcasting
 - Level 0.8 Fire Magic


You had 7 spell levels left.
You knew the following spells:

 Your Spells              Type           Power      Damage    Failure   Level
a - Foxfire               Conj/Fire      4%         2x1d4     95%         1

Your spell library contained the following spells:

 Spells                   Type           Power      Damage    Failure   Level
 Animate Skeleton         Necr           0%         N/A       97%         1
 Apportation              Tloc           0%         N/A       97%         1
 Beastly Appendage        Tmut           0%         N/A       97%         1
 Corona                   Hex            0%         N/A       97%         1
 Summon Small Mammal      Summ           0%         N/A       97%         1
 Wereblood                Tmut           0%         N/A       99%         2
 Spider Form              Tmut/Pois      0%         N/A       100%        3

Skill      XL: |  1  2  3  4  5  6  7 |
---------------+----------------------+-----
Axes           | 4 5 6 7 8 |  8.7
Fighting       | 3 4 5 |  5.3
Spellcasting   | |  1.0
Fire Magic     | |  0.8

Action                   |  1- 3 |  4- 6 |  7- 9 || total
-------------------------+-------+-------+-------++-------
Melee: Hand axe          |   118 |     7 |       ||   125
       War axe           |       |   131 |    66 ||   197
 Abil: Heal Wounds       |     4 |     5 |     2 ||    11
Evoke: Wand              |       |     2 |       ||     2
  Use: Potion            |       |     2 |     2 ||     4
       Scroll            |       |     6 |       ||     6
Armor: Robe              |    20 |     3 |       ||    23
       Leather armour    |       |     6 |       ||     6
       Chain mail        |       |    36 |    33 ||    69
       Skin              |       |     8 |       ||     8
Dodge: Dodged            |    56 |    73 |    27 ||   156

Inventory:

Hand Weapons
 p - a +0 war axe (weapon)
Missiles
 m - 2 throwing nets
Armour
 a - a +0 leather armour
 b - a +0 robe
 e - a +0 pair of gloves (worn)
 f - a +0 chain mail (worn)
Jewellery
 c - an amulet of the acrobat (around neck)
 l - a ring of flight (left hand)
 t - a +6 ring of strength
Wands
 w - a wand of flame (10)
Scrolls
 d - a scroll of amnesia {unknown}
 g - a scroll of summoning
 i - 2 scrolls of teleportation {unknown}
 j - a scroll of fog {unknown}
 k - 4 scrolls of enchant armour
 n - a scroll of magic mapping {unknown}
 o - a scroll of noise {unknown}
 r - a scroll of brand weapon {unknown}
 s - a scroll of immolation {unknown}
Potions
 q - 3 potions of heal wounds


You were on level 5 of the Dungeon.
You worshipped Ignis.
Ignis was extremely pleased with you.
You visited 1 branch of the dungeon, and saw 5 of its levels.

You collected 210 gold pieces.

Dungeon Overview and Level Annotations

Branches:
Dungeon (5/15)             Temple (0/1) D:4

Altars:
Makhleb

Shops:
D:2

( #.....# , #.....#
#.....# #.....# * #.....#
#....#
.###....################
,......g))†..............
*
<....)g@################
......)g# ........#
........# ..##....# .
#...(# , ##+### * , , *,
.. , * ..##


You could see a gnoll sergeant and 2 gnolls.

Notes
Turn   | Place    | Note
-------+----------+-------------------------------------------
     0 | D:1      | theanonym the Deep Dwarf Cinder Acolyte began the quest for
                  | the Orb.
     0 | D:1      | Reached XP level 1. HP: 20/20 MP: 2/2
    82 | D:1      | HP: 9/20 [kobold (2)]
   232 | D:1      | Reached XP level 2. HP: 21/27 MP: 3/3
   354 | D:1      | Reached skill level 4 in Axes
   370 | D:1      | Reached skill level 3 in Fighting
   509 | D:1      | HP: 11/28 [gnoll (5)]
   510 | D:1      | HP: 5/28 [gnoll (6)]
   515 | D:1      | Reached XP level 3. HP: 29/34 MP: 4/4
   795 | D:2      | Found Toxivo's Antique Weapon Shop.
  1096 | D:2      | Reached XP level 4. HP: 35/42 MP: 4/4
  1556 | D:3      | HP: 15/42 [orc priest/divine providence (13)]
  1561 | D:3      | Reached skill level 5 in Axes
  1657 | D:3      | HP: 17/44 [orc (8)]
  1663 | D:3      | HP: 21/44 [orc (3)]
  1761 | D:3      | Reached XP level 5. HP: 38/50 MP: 4/4
  1916 | D:3      | Noticed Ijyb
  1936 | D:3      | Killed Ijyb
  2044 | D:3      | Noticed Sigmund
  2058 | D:3      | Killed Sigmund
  2059 | D:3      | Reached skill level 4 in Fighting
  2059 | D:3      | Reached skill level 6 in Axes
  2059 | D:3      | Reached XP level 6. HP: 31/57 MP: 5/5
  2142 | D:3      | Found a burning altar of Makhleb.
  2142 | D:3      | Noticed a cacodemon
  2304 | D:4      | HP: 24/57 [orc priest/nerve-wracking pain (7)]
  2310 | D:4      | HP: 10/57 [orc priest/nerve-wracking pain (11)]
  2394 | D:4      | HP: 28/58 [kobold (3)]
  2724 | D:4      | Reached skill level 7 in Axes
  2794 | D:4      | HP: 28/58 [gnoll (3)]
  2801 | D:4      | Reached XP level 7. HP: 24/66 MP: 6/6
  2988 | D:4      | Found a staircase to the Ecumenical Temple.
  3536 | D:5      | Entered Level 5 of the Dungeon
  3736 | D:5      | HP: 33/66 [water moccasin (2)]
  3759 | D:5      | Reached skill level 5 in Fighting
  3759 | D:5      | Reached skill level 8 in Axes
  3762 | D:5      | HP: 28/67 [ogre (12)]
  3767 | D:5      | HP: 25/67 [gnoll (2)]
  3773 | D:5      | HP: 22/67 [gnoll (3)]
  3775 | D:5      | HP: 4/67 [gnoll (8)]
  3775 | D:5      | Slain by a gnoll

Vanquished Creatures
  Sigmund (D:3)
  A water moccasin (D:5)
  2 necrophages
  An ogre (D:5)
  A howler monkey (D:5)
  2 orc priests
  A centaur skeleton (D:5)
  An iguana (D:4)
  Ijyb (D:3)
  7 gnolls
  4 adders
  An adder skeleton (D:4)
  A worm (D:2)
  A dart slug (D:2)
  10 orcs
  3 ball pythons
  2 bats (D:1)
  9 endoplasms
  2 giant cockroaches
  7 hobgoblins
  6 quokkas
  A frilled lizard (D:3)
  2 goblins
  8 kobolds
  12 rats
87 creatures vanquished.

Vanquished Creatures (others)
  An ogre (D:4)
1 creature vanquished.

Grand Total: 88 creatures vanquished

Table legend: (Time is in decaauts)
 A = Elapsed time spent in this place.
 B = Non-inter-level travel time spent in this place.
 C = Inter-level travel time spent in this place.
 D = Time resting spent in this place.
 E = Time spent auto-exploring this place.
 F = Levels seen in this place.
 G = Mean time per level.
                   A        B        C        D        E       F      G
               +--------+--------+--------+--------+--------+-----+--------+
         Total |   3799 |   3651 |    148 |    200 |   2771 |   5 |  759.8 |
       Dungeon |   3799 |   3651 |    148 |    200 |   2771 |   5 |  759.8 |
               +--------+--------+--------+--------+--------+-----+--------+

Top non-repeatable levels by time:
     D:4: 1257 daAuts
     D:3: 806 daAuts
     D:2: 777 daAuts
     D:1: 731 daAuts
     D:5: 225 daAuts
